 Dungeon Crawl Stone Soup version 0.28.0-43-g3370ac3207 (webtiles) character file.

Game seed: 14362882944467682103

133 jimonade the Grave Robber (level 5, -1/37 HPs)
             Began as a Gnoll Wanderer on Mar 13, 2022.
             Slain by Blork the orc
             ... wielding a +0 vampiric halberd
              (5 damage)
             ... on level 4 of the Dungeon.
             The game lasted 00:06:28 (3159 turns).

jimonade the Grave Robber (Gnoll Wanderer)          Turns: 3159, Time: 00:06:28

Health: -1/37      AC:  7    Str: 12    XL:     5   Next: 16%
Magic:  12/12      EV:  8    Int:  8    God:
Gold:   108        SH:  8    Dex: 16    Spells: 13/14 levels left

rFire   . . .      SeeInvis .   i - +0 dagger (freeze)
rCold   . . .      Faith    .   k - +0 kite shield
rNeg    . . .      Spirit   .   n - +0 ring mail
rPois   .          Reflect  .   (no helmet)
rElec   .          Harm     .   d - +0 cloak
rCorr   .          Rampage  .   b - +0 pair of gloves
Will    .....                   (no boots)
Stlth   ++........              (no amulet)
HPRegen 0.12/turn               (no ring)
MPRegen 0.13/turn               (no ring)

@: no status effects
A: fangs 1, strong nose, distributed training
a: no special abilities


You were on level 4 of the Dungeon.
You visited 1 branch of the dungeon, and saw 4 of its levels.

You collected 108 gold pieces.

Inventory:

Hand Weapons
 a - a +0 falchion
 i - a +0 dagger of freezing (weapon)
Missiles
 j - 34 sling bullets
 l - 59 stones (quivered)
 o - 5 poisoned darts
 p - 13 arrows
Armour
 b - a +0 pair of gloves (worn)
 c - a +0 leather armour
 d - a +0 cloak (worn)
 k - a +0 kite shield (worn)
 n - a +0 ring mail (worn)
Scrolls
 e - 5 scrolls of teleportation {unknown}
 g - a scroll of fear {unknown}
 h - a scroll of enchant armour {unknown}
 m - a scroll of noise {unknown}
Potions
 f - a potion of attraction {unknown}


   Skills:
 + Level 1.4 Fighting
 + Level 1.4 Short Blades
 + Level 4.7 Long Blades
 + Level 1.4 Axes
 + Level 1.4 Maces & Flails
 + Level 1.4 Polearms
 + Level 1.4 Staves
 + Level 1.4 Slings
 + Level 1.4 Bows
 + Level 1.4 Crossbows
 + Level 1.4 Throwing
 + Level 2.9 Armour
 + Level 1.4 Dodging
 + Level 4.3 Stealth
 + Level 1.4 Shields
 + Level 1.4 Unarmed Combat
 + Level 5.1 Spellcasting
 + Level 1.1 Conjurations
 + Level 1.1 Hexes
 + Level 1.1 Summonings
 + Level 5.5 Necromancy
 + Level 1.1 Translocations
 + Level 1.1 Transmutations
 + Level 1.1 Fire Magic
 + Level 1.1 Ice Magic
 + Level 1.1 Air Magic
 + Level 1.1 Earth Magic
 + Level 1.1 Poison Magic
 + Level 1.5 Invocations
 + Level 1.4 Evocations


You had 13 spell levels left.
You knew the following spells:

 Your Spells              Type           Power      Damage    Failure   Level
a - Pain                  Necr           40%        1d6       21%         1

Your spell library contained the following spells:

 Spells                   Type           Power      Damage    Failure   Level
 Animate Skeleton         Necr           20%        N/A       21%         1
 Animate Dead             Necr           5%         N/A       89%         4


Dungeon Overview and Level Annotations

Branches:
Dungeon (4/15)
 Temple: D:4-7

Altars:

Annotations:
D:4 Blork the orc


Innate Abilities, Weirdness & Mutations

You have very sharp teeth.
Your uncanny sense of smell can sniff out nearby items.
Your experience applies equally to all skills.


Message History

The iguana is almost dead.
The iguana barely misses you.
You closely miss the iguana. You bite the iguana, but do no damage.
The iguana is almost dead.
You hit the iguana.
The iguana seems to slow down.
You freeze the iguana.
You kill the iguana!
You have reached level 5!
You start resting.
HP restored.
You start waiting.
Done waiting.
Blork the orc comes into view.
He is wielding a +0 vampiric halberd.
Blork the orc shouts!
Blork the orc screams, "You are the ugliest creature I've ever seen!"
Blork the orc is nearby!
Blork the orc hits you with a +0 vampiric halberd!
You hit Blork the orc. You freeze Blork the orc.
Blork the orc is lightly wounded.
Blork the orc hits you with a +0 vampiric halberd!
Blork the orc draws strength from your wounds!
You hit Blork the orc. You freeze Blork the orc.
Blork the orc is lightly wounded.
Blork the orc closely misses you.
You barely miss Blork the orc. Your bite misses Blork the orc.
Blork the orc is lightly wounded.
Blork the orc hits you but does no damage.
You hit Blork the orc. You freeze Blork the orc. You bite Blork the orc.
Blork the orc is lightly wounded.
Blork the orc hits you with a +0 vampiric halberd.
* * * LOW HITPOINT WARNING * * *
You hit Blork the orc. You freeze Blork the orc.
Your bite misses Blork the orc.
Blork the orc is moderately wounded.
Blork the orc hits you with a +0 vampiric halberd.
* * * LOW HITPOINT WARNING * * *
Blork the orc draws strength from your wounds!
You barely miss Blork the orc.
Blork the orc is moderately wounded.
Blork the orc hits you with a +0 vampiric halberd.
You die...

........÷...# ....#
............## ....
............## ...
##............## ..#
#....####.###..# ..#
..#.####..# ##.###..#
....#....## #......#
......###########...#
....####.......o@...#
.........########...#
.....†...# #...#
....####.# ....#
....# .. ...... #####
....... #.......#
##....#


You could see Blork the orc.

Vanquished Creatures
  A hound (D:4)
  An iguana (D:4)
  3 adders (D:2)
  4 ball pythons
  4 endoplasms
  3 giant cockroaches (D:2)
  3 goblins (D:1)
  3 hobgoblins
  8 jackals
  2 quokkas (D:2)
  4 bats
  2 frilled lizards
  8 kobolds
  2 rats
48 creatures vanquished.

Notes
Turn   | Place    | Note
-------+----------+-------------------------------------------
     0 | D:1      | jimonade the Gnoll Wanderer began the quest for the Orb.
     0 | D:1      | jimonade set off with the following items: a +0 falchion, a
                  | +0 pair of gloves, a +0 leather armour; and the following
                  | spells available to memorise: Animate Skeleton, Pain,
                  | Animate Dead
     0 | D:1      | Reached XP level 1. HP: 13/13 MP: 6/6
   174 | D:1      | Reached XP level 2. HP: 13/19 MP: 7/7
  1049 | D:2      | Reached XP level 3. HP: 24/25 MP: 9/9
  1052 | D:2      | Learned a level 1 spell: Pain
  1092 | D:2      | Reached skill level 5 in Spellcasting
  1450 | D:2      | Reached skill level 1 in Invocations
  1719 | D:2      | Reached skill level 1 in Fighting
  1719 | D:2      | Reached skill level 1 in Short Blades
  1719 | D:2      | Reached skill level 1 in Axes
  1719 | D:2      | Reached skill level 1 in Maces & Flails
  1719 | D:2      | Reached skill level 1 in Polearms
  1719 | D:2      | Reached skill level 1 in Staves
  1719 | D:2      | Reached skill level 1 in Slings
  1719 | D:2      | Reached skill level 1 in Bows
  1719 | D:2      | Reached skill level 1 in Crossbows
  1719 | D:2      | Reached skill level 1 in Throwing
  1719 | D:2      | Reached skill level 1 in Dodging
  1719 | D:2      | Reached skill level 1 in Shields
  1719 | D:2      | Reached skill level 1 in Unarmed Combat
  1719 | D:2      | Reached skill level 1 in Evocations
  1843 | D:2      | Reached XP level 4. HP: 30/32 MP: 11/11
  2494 | D:3      | Noticed a water moccasin
  2535 | D:4      | Reached skill level 1 in Conjurations
  2535 | D:4      | Reached skill level 1 in Hexes
  2535 | D:4      | Reached skill level 1 in Summonings
  2535 | D:4      | Reached skill level 1 in Translocations
  2535 | D:4      | Reached skill level 1 in Transmutations
  2535 | D:4      | Reached skill level 1 in Fire Magic
  2535 | D:4      | Reached skill level 1 in Ice Magic
  2535 | D:4      | Reached skill level 1 in Air Magic
  2535 | D:4      | Reached skill level 1 in Earth Magic
  2535 | D:4      | Reached skill level 1 in Poison Magic
  2783 | D:4      | Reached XP level 5. HP: 6/37 MP: 12/12
  3152 | D:4      | Noticed Blork the orc
  3159 | D:4      | Slain by Blork the orc

Illustrated notes

Levels and vault maps discovered:
D:1:      dpeg_arrival_long_road, layout_rooms
D:2:      layout_loops_ring, minivault_26, hangedman_decor_growths
D:3:      layout_loops_ring, nicolae_overflow_crystal_walls,
          kennysheep_ying_yang, tso_metal_star, uniq_grinder, uniq_sigmund
D:4:      layout_rooms, nicolae_uskayaw_suspiria, uniq_blork_the_orc

Skill      XL: |  1  2  3  4 |
---------------+-------------+-----
Spellcasting   | 5 |  5.1
Invocations    | 1 |  1.5
Fighting       | 1 |  1.4
Short Blades   | 1 |  1.4
Axes           | 1 |  1.4
Maces & Flails | 1 |  1.4
Polearms       | 1 |  1.4
Staves         | 1 |  1.4
Slings         | 1 |  1.4
Bows           | 1 |  1.4
Crossbows      | 1 |  1.4
Throwing       | 1 |  1.4
Dodging        | 1 |  1.4
Shields        | 1 |  1.4
Unarmed Combat | 1 |  1.4
Evocations     | 1 |  1.4
Conjurations   | 1 |  1.1
Hexes          | 1 |  1.1
Summonings     | 1 |  1.1
Translocations | 1 |  1.1
Transmutations | 1 |  1.1
Fire Magic     | 1 |  1.1
Ice Magic      | 1 |  1.1
Air Magic      | 1 |  1.1
Earth Magic    | 1 |  1.1
Poison Magic   | 1 |  1.1
Long Blades    | |  4.7
Armour         | |  2.9
Stealth        | |  4.3
Necromancy     | |  5.5

Action                   |  1- 3 |  4- 6 || total
-------------------------+-------+-------++-------
Melee: Falchion          |   125 |    25 ||   150
       Bite              |    12 |     6 ||    18
       Punch             |     1 |       ||     1
       Dagger            |       |    49 ||    49
 Cast: Pain              |    13 |       ||    13
 Stab: Sleeping          |     3 |     4 ||     7
Armor: Leather armour    |    58 |     9 ||    67
       Ring mail         |       |    16 ||    16
Dodge: Dodged            |    83 |    22 ||   105
Block: Kite shield       |       |    12 ||    12
